 Dungeon Crawl Stone Soup version 0.24.0-123-gd5b16e6ec5 (webtiles) character file.

Game seed: 2030852006493527006, levelgen mode: deterministic

2703 FishyPogo the Martial Artist (level 9, -10/68 HPs)
             Began as a Gnoll Transmuter on Dec 28, 2019.
             Was a Believer of Sif Muna.
             Mangled by a wyvern (14 damage)
             ... on level 8 of the Dungeon.
             The game lasted 00:24:33 (6824 turns).

FishyPogo the Martial Artist (Gnoll Transmuter)     Turns: 6824, Time: 00:24:33

Health: -10/68     AC:  5    Str: 15    XL:     9   Next: 65%
Magic:  19/19      EV: 16    Int: 15    God:    Sif Muna [**....]
Gold:   480        SH:  5    Dex: 17    Spells: 10/21 levels left

rFire    . . .     SeeInvis +   a - +4 flail
rCold    + . .     Gourm    .   y - +0 buckler
rNeg     + . .     Faith    .   n - +2 robe "Ikossil" {rN+ SInv}
rPois    +         Spirit   .   (no helmet)
rElec    .         Reflect  .   (no cloak)
rCorr    .         Harm     .   (no gloves)
MR       .....                  I - +0 pair of boots
Stlth    +++.......             q - amulet of magic regeneration
HPRegen  0.21/turn              t - ring of protection from cold
MPRegen  0.41/turn              D - ring of poison resistance

@: appendage
A: distributed training, fangs 1, horns 2, strong nose
a: End Transformation, Channel Magic, Renounce Religion


You were on level 8 of the Dungeon.
You worshipped Sif Muna.
Sif Muna was pleased with you.
You were not hungry.
You had grown temporary horns.
You visited 2 branches of the dungeon, and saw 9 of its levels.

You collected 480 gold pieces.

Inventory:

Hand Weapons
 a - a +4 flail (weapon)
 b - a +4 battleaxe
Missiles
 e - 23 poisoned darts (quivered)
 f - 258 stones
 m - 122 arrows
Armour
 k - a +0 shield
 n - the +2 robe "Ikossil" (worn) {rN+ SInv}
   (You found it on level 4 of the Dungeon)

   It protects you from negative energy.
   It lets you see invisible.
 y - a +0 buckler (worn)
 I - a +0 pair of boots (worn)
Magical Staves
 o - an uncursed staff of summoning
Jewellery
 h - an uncursed ring of protection from fire
 q - an amulet of magic regeneration (around neck)
 t - a ring of protection from cold (left hand)
 D - a ring of poison resistance (right hand)
Wands
 l - a wand of enslavement (7)
 x - a wand of scattershot (4)
 J - a wand of random effects (19)
 Z - a wand of polymorph (11)
Scrolls
 c - 2 scrolls of teleportation
 j - 8 scrolls of identify
 p - 3 scrolls of amnesia {unknown}
 r - a scroll of enchant armour {unknown}
 u - a scroll of magic mapping {unknown}
 v - 2 scrolls of fog {unknown}
 F - a scroll of immolation {unknown}
 H - a scroll of fear {unknown}
Potions
 g - 3 potions of heal wounds
 i - 5 potions of lignification {unknown}
 s - 2 potions of invisibility {unknown}
 w - a potion of magic {unknown}
 z - a potion of mutation {unknown}
 A - 2 potions of haste {unknown}
 B - a potion of curing {unknown}
 C - a potion of might
 E - 2 potions of agility {unknown}
 K - a potion of degeneration {unknown}
Comestibles
 d - 10 rations
 G - 14 chunks of flesh


   Skills:
 + Level 5.1 Fighting
 + Level 4.3 Short Blades
 + Level 4.3 Long Blades
 + Level 4.3 Axes
 + Level 4.3 Maces & Flails
 + Level 4.3 Polearms
 + Level 4.3 Staves
 + Level 4.3 Slings
 + Level 4.3 Bows
 + Level 4.3 Crossbows
 + Level 4.3 Throwing
 + Level 4.3 Armour
 + Level 6.4 Dodging
 + Level 4.3 Stealth
 + Level 4.3 Shields
 + Level 8.0 Unarmed Combat
 + Level 6.7 Spellcasting
 + Level 3.6 Conjurations
 + Level 3.6 Hexes
 + Level 3.6 Charms
 + Level 3.6 Summonings
 + Level 3.6 Necromancy
 + Level 3.6 Translocations
 + Level 5.3 Transmutations
 + Level 3.6 Fire Magic
 + Level 3.6 Ice Magic
 + Level 3.6 Air Magic
 + Level 3.6 Earth Magic
 + Level 3.6 Poison Magic
 + Level 4.8 Invocations
 + Level 4.3 Evocations


You had 10 spell levels left.
You knew the following spells:

 Your Spells              Type           Power        Failure   Level  Hunger
a - Ice Form              Ice/Tmut       ###.....     22%         4    ####...
b - Confuse               Hex            ###.....     10%         3    ##.....
u - Spider Form           Tmut/Pois      ###.......   7%          3    ##.....
y - Beastly Appendage     Tmut           ###...       1%          1    None

Your spell library contained the following spells:

 Spells                   Type           Power        Failure   Level  Hunger
 Sticks to Snakes         Tmut           ###.....     2%          2    None
 Confusing Touch          Hex            ###...       3%          1    None
 Gell's Gravitas          Tloc           ###.......   10%         3    ##.....
 Petrify                  Tmut/Erth      ###.....     22%         4    ####...
 Blade Hands              Tmut           ###.......   38%         5    #####..
 Yara's Violent Unravell  Hex/Tmut       ###.......   52%         5    #####..
 Metabolic Englaciation   Hex/Ice        ###.......   65%         5    #####..


Dungeon Overview and Level Annotations

Branches:
Dungeon (8/15)             Temple (1/1) D:5
   Lair: D:8-11

Altars:
Ashenzari
Dithmenos
Elyvilon
Fedhas
Gozag
Hepliaklqana
Kikubaaqudgha
Makhleb
Nemelex Xobeh
Okawaru
Qazlal
Ru
Sif Muna
Trog
Uskayaw
Wu Jian
Zin

Shops:
D:5 }


Innate Abilities, Weirdness & Mutations

Your experience applies equally to all skills.
You have very sharp teeth.
Your uncanny sense of smell can sniff out nearby items.
You have a pair of horns on your head.


Message History

You closely miss the wyvern. Your headbutt misses the wyvern.
The wyvern is lightly wounded.
The wyvern bites you! You block the wyvern's attack.
Casting: Beastly Appendage (safe; 1% risk of failure)
Confirm with . or Enter, or press ? or * to list all spells.
You extend your transformation's duration.
The wyvern closely misses you.
You are too injured to fight recklessly!
You are too injured to fight recklessly!
You hit the wyvern but do no damage. You headbutt the wyvern.
The wyvern is severely wounded.
The wyvern bites you!
* * * LOW HITPOINT WARNING * * *
You block the wyvern's attack.
You closely miss the wyvern.
The wyvern is almost dead.
The wyvern bites you!
* * * LOW HITPOINT WARNING * * *
The wyvern bites you!
You die...

####### ###.....##
#........## #.........#
######.........#
####..............#
.....####......[..#
.....# #.........##
.....#..........@..#
.......##.......l..#
.)...####.......(.....
.#.................###..
.##.................#
.###................#
.........#........(..
.........##..)..(.(...
.......... ....##.# .#


You could see a wyvern.

Vanquished Creatures
  A hornet (D:7)
  Sigmund (D:5)
  A hungry ghost (D:7)
  An orc warrior (D:6)
  A sky beast (D:5)
  A black bear (D:8)
  2 ogres
  4 bullfrogs
  5 scorpions
  4 wights (D:7)
  3 crimson imps
  A jelly (D:3)
  4 orc priests
  2 hounds
  A bullfrog skeleton (D:6)
  A gnoll shaman (D:7)
  2 centaur skeletons
  4 orc wizards
  An iguana (D:8)
  2 worker ants (D:4)
  A hound skeleton (D:6)
  4 gnolls (D:7)
  A howler monkey skeleton (D:4)
  4 adders
  A shadow imp (D:5)
  2 oozes
  2 adder skeletons
  An adder zombie (D:6)
  2 worms (D:2)
  3 dart slugs
  3 leopard geckos
  27 orcs
  8 bats
  4 giant cockroaches
  7 hobgoblins
  11 jackals
  A quokka (D:7)
  4 frilled lizards
  3 goblins
  A jackal zombie (D:5)
  16 kobolds
  A leopard gecko skeleton (D:6)
  A quokka zombie (D:8)
  8 rats
158 creatures vanquished.

Notes
Turn   | Place    | Note
-------+----------+-------------------------------------------
     0 | D:1      | FishyPogo the Gnoll Transmuter began the quest for the Orb.
     0 | D:1      | Reached XP level 1. HP: 17/17 MP: 6/6
    35 | D:2      | Found a blossoming altar of Fedhas.
   228 | D:2      | Reached XP level 2. HP: 20/23 MP: 7/7
   461 | D:3      | Reached XP level 3. HP: 28/28 MP: 7/9
   469 | D:3      | Learned a level 3 spell: Spider Form
   474 | D:3      | Reached skill level 5 in Spellcasting
   607 | D:3      | Reached skill level 1 in Short Blades
   607 | D:3      | Reached skill level 1 in Long Blades
   607 | D:3      | Reached skill level 1 in Axes
   607 | D:3      | Reached skill level 1 in Maces & Flails
   607 | D:3      | Reached skill level 1 in Polearms
   607 | D:3      | Reached skill level 1 in Staves
   607 | D:3      | Reached skill level 1 in Slings
   607 | D:3      | Reached skill level 1 in Bows
   607 | D:3      | Reached skill level 1 in Crossbows
   607 | D:3      | Reached skill level 1 in Throwing
   607 | D:3      | Reached skill level 1 in Armour
   607 | D:3      | Reached skill level 1 in Stealth
   607 | D:3      | Reached skill level 1 in Shields
   607 | D:3      | Reached skill level 1 in Invocations
   607 | D:3      | Reached skill level 1 in Evocations
   607 | D:3      | Reached XP level 4. HP: 12/34 MP: 7/11
   910 | D:3      | Reached skill level 1 in Conjurations
   910 | D:3      | Reached skill level 1 in Hexes
   910 | D:3      | Reached skill level 1 in Charms
   910 | D:3      | Reached skill level 1 in Summonings
   910 | D:3      | Reached skill level 1 in Necromancy
   910 | D:3      | Reached skill level 1 in Translocations
   910 | D:3      | Reached skill level 1 in Fire Magic
   910 | D:3      | Reached skill level 1 in Ice Magic
   910 | D:3      | Reached skill level 1 in Air Magic
   910 | D:3      | Reached skill level 1 in Earth Magic
   910 | D:3      | Reached skill level 1 in Poison Magic
  1009 | D:3      | Reached XP level 5. HP: 8/40 MP: 8/12
  1442 | D:4      | Got a fabulously ornate robe
  1453 | D:4      | Identified the +2 robe "Ikossil" {rN+ SInv} (You found it
                  | on level 4 of the Dungeon)
  1509 | D:4      | Found a shadowy altar of Dithmenos.
  1545 | D:4      | Reached XP level 6. HP: 47/47 MP: 13/13
  1558 | D:4      | Reached skill level 5 in Dodging
  2032 | D:4      | Found an ornate altar of the Wu Jian Council.
  2097 | D:5      | Entered Level 5 of the Dungeon
  2109 | D:5      | Found a hazy altar of Hepliaklqana.
  2124 | D:5      | Found Cuuvemepn's Gadget Shoppe.
  2173 | D:5      | Reached XP level 7. HP: 46/52 MP: 13/15
  2240 | D:5      | Reached skill level 7 in Unarmed Combat
  2415 | D:5      | Found a staircase to the Ecumenical Temple.
  2431 | Temple   | Entered the Ecumenical Temple
  2440 | Temple   | Became a worshipper of Sif Muna the Loreminder
  2729 | D:5      | Found a sparkling altar of Nemelex Xobeh.
  3033 | D:5      | Noticed Sigmund
  3045 | D:5      | Killed Sigmund
  3045 | D:5      | Reached XP level 8. HP: 54/60 MP: 13/16
  3436 | D:6      | Learned a level 4 spell: Ice Form
  4017 | D:1      | Reached * piety under Sif Muna
  4942 | D:2      | Found a stormy altar of Qazlal.
  4943 | D:2      | Found an iron altar of Okawaru.
  5383 | D:3      | Found an opulent altar of Gozag.
  5601 | D:7      | Noticed a hornet
  5609 | D:7      | Killed a hornet
  5652 | D:7      | Reached XP level 9. HP: 43/66 MP: 15/18
  5719 | D:7      | Reached skill level 5 in Transmutations
  6321 | D:7      | Learned a level 3 spell: Confuse
  6723 | D:8      | Reached skill level 5 in Fighting
  6814 | D:8      | Reached ** piety under Sif Muna
  6814 | D:8      | Reached skill level 8 in Unarmed Combat
  6824 | D:8      | Mangled by a wyvern

Levels and vault maps discovered:
D:1:      dpeg_arrival_pits, layout_basic
D:2:      layout_basic, gammafunk_temple_overflow_pools, st_stairs_10,
          fedhas_altar_2
D:3:      layout_basic, nicolae_overflow_hidden_temple, minmay_starry_boxes
D:4:      layout_rooms, lemuel_coloured_pillars_altar, lemuel_round_altar,
          minmay_misc_feat_x
D:5:      layout_gridville, lemuel_round_altar, minmay_temple_entry_offerings,
          serial_shops, shop, first_ration, nemelex_dance_club_becter,
          uniq_sigmund
D:6:      layout_loops_cross
D:7:      layout_gridville
D:8:      layout_rooms, cheibriados_altar_1, kennysheep_little_box,
          david_nohive_1
Temple:   cyrus_circular_temple

Skill      XL: |  1  2  3  4  5  6  7  8  9 |
---------------+----------------------------+-----
Spellcasting   | 5 6 |  6.7
Short Blades   | 1 2 3 4 |  4.3
Long Blades    | 1 2 3 4 |  4.3
Axes           | 1 2 3 4 |  4.3
Maces & Flails | 1 2 3 4 |  4.3
Polearms       | 1 2 3 4 |  4.3
Staves         | 1 2 3 4 |  4.3
Slings         | 1 2 3 4 |  4.3
Bows           | 1 2 3 4 |  4.3
Crossbows      | 1 2 3 4 |  4.3
Throwing       | 1 2 3 4 |  4.3
Armour         | 1 2 3 4 |  4.3
Stealth        | 1 2 3 4 |  4.3
Shields        | 1 2 3 4 |  4.3
Invocations    | 1 2 3 4 |  4.8
Evocations     | 1 2 3 4 |  4.3
Conjurations   | 1 2 3 |  3.6
Hexes          | 1 2 3 |  3.6
Charms         | 1 2 3 |  3.6
Summonings     | 1 2 3 |  3.6
Necromancy     | 1 2 3 |  3.6
Translocations | 1 2 3 |  3.6
Fire Magic     | 1 2 3 |  3.6
Ice Magic      | 1 2 3 |  3.6
Air Magic      | 1 2 3 |  3.6
Earth Magic    | 1 2 3 |  3.6
Poison Magic   | 1 2 3 |  3.6
Fighting       | 3 4 5 |  5.1
Transmutations | 4 5 |  5.3
Dodging        | 5 6 |  6.4
Unarmed Combat | 7 8 |  8.0

Action                   |  1- 3 |  4- 6 |  7- 9 || total
-------------------------+-------+-------+-------++-------
Melee: Unarmed           |    55 |    41 |    91 ||   187
       Bite              |     1 |     4 |    32 ||    37
       Punch             |     1 |       |     4 ||     5
       Kick              |     1 |     8 |    14 ||    23
       Dagger            |       |    25 |   195 ||   220
       Headbutt          |       |     2 |    11 ||    13
       Flail             |       |       |    37 ||    37
Throw: Dart              |     2 |     1 |    17 ||    20
       Boomerang         |       |       |    22 ||    22
 Cast: Beastly Appendage |     7 |     7 |    25 ||    39
       Spider Form       |     4 |     5 |    13 ||    22
       Confuse           |       |       |     9 ||     9
 Abil: End Transformatio |       |       |     1 ||     1
  Use: Scroll            |       |     4 |     1 ||     5
       Potion            |       |       |     1 ||     1
 Stab: Sleeping          |       |     4 |    17 ||    21
       Distracted        |       |       |     1 ||     1
       Confused          |       |       |     2 ||     2
  Eat: Chunk             |       |     5 |    18 ||    23
Armor: Robe              |     5 |     2 |    36 ||    43
       Skin              |     1 |     1 |     2 ||     4
Dodge: Dodged            |    41 |    36 |   218 ||   295
Block: Buckler           |       |       |    35 ||    35
